 Dungeon Crawl Stone Soup version 0.31-a0-662-g684573625c (webtiles) character file.

Game seed: 9444593799006451880

74 wazuzu the Conjurer (level 4, 0/30 HPs)
             Began as a Demonspawn Conjurer on Aug 31, 2023.
             Was a Believer of Sif Muna.
             Slain by a goblin
             ... wielding a +0 dagger
             ... led by Robin
              (3 damage)
             ... on level 2 of the Dungeon.
             The game lasted 00:07:09 (2245 turns).

wazuzu the Conjurer (Demonspawn Conjurer)           Turns: 2245, Time: 00:07:09

Health: 0/30       AC:  5    Str:  7    XL:     4   Next: 9%
Magic:  7/17       EV: 11    Int: 22    God:    Sif Muna [**....]
Gold:   51         SH:  0    Dex: 11    Spells: 7/8 levels left

rFire   . . .        c - +0 spear
rCold   . . .        (no shield)
rNeg    . . .        g - +0 ring mail
rPois   .            (no helmet)
rElec   .            (no cloak)
rCorr   .            (no gloves)
SInv    .            (no boots)
Will    .....        (no amulet)
Stlth   +            f - ring of magical power
HPRegen 0.25/turn    (no ring)
MPRegen 0.15/turn

%: no passive effects
@: no status effects
A: sturdy frame 1
a: Renounce Religion, Channel Magic


You were on level 2 of the Dungeon.
You worshipped Sif Muna.
Sif Muna was pleased with you.
You visited 1 branch of the dungeon, and saw 2 of its levels.

You collected 51 gold pieces.


Innate Abilities, Weirdness & Mutations

Your movements are slightly less encumbered by armour. (ER -2)


   Skills:
 - Level 2.1 Dodging
 - Level 2.1 Stealth
 + Level 2.9 Spellcasting
 + Level 4.7 Conjurations


You had 7 spell levels left.
You knew the following spells:

 Your Spells              Type           Power      Damage    Failure   Level
z - Magic Dart            Conj           96%        1d7       3%          1

Your spell library contained the following spells:

 Spells                   Type           Power      Damage    Failure   Level
 Searing Ray              Conj           48%        2d6       4%          2
 Sandblast                Erth           6%         2d5       24%         1
 Dazzling Flash           Conj/Hex       26%        N/A       26%         3
 Lesser Beckoning         Tloc           6%         N/A       36%         2
 Scorch                   Fire           6%         2d5       36%         2
 Gell's Gravitas          Tloc           3%         N/A       58%         3
 Teleport Other           Tloc           3%         N/A       58%         3
 Flame Wave               Conj/Fire      13%        2d6       65%         4
 Fulminant Prism          Conj/Hex       6%         3d7       65%         4
 Iskenderun's Mystic Bla  Conj/Tloc      13%        2d5       65%         4
 Leda's Liquefaction      Hex/Erth       1%         N/A       94%         4
 Summon Cactus Giant      Summ           1%         N/A       100%        6
 Dragon's Call            Summ           1%         N/A       100%        9


Dungeon Overview and Level Annotations

Branches:
Dungeon (2/15)

Altars:
Nemelex Xobeh
Sif Muna

Shops:
D:2 =

Annotations:
D:2 Robin

Inventory:

Hand Weapons
 c - a +0 spear (weapon)
Armour
 a - a +0 robe
 g - a +0 ring mail (worn)
 i - the +0 robe of the Terrible God {rElec rPois Regen+ MP-9}
   (You found it on level 2 of the Dungeon)

   rElec:     It insulates you from electricity.
   rPois:     It protects you from poison MP-9: It affects your magic capacity
   (-9).
   Regen+:    It increases your rate of health regeneration.
Jewellery
 f - a ring of magical power (left hand)
Scrolls
 d - 2 scrolls of teleportation {unknown}
 h - a scroll of revelation {unknown}
 j - a scroll of acquirement {unknown}
 l - a scroll of fog {unknown}
 m - a scroll of silence {unknown}
 n - a scroll of blinking {unknown}
Potions
 b - 2 potions of magic
 e - a potion of degeneration {unknown}
 k - a potion of curing {unknown}

####≈≈..... #.#.....≈#
##≈..... #..#)...≈#
#≈..... #.#.....≈#
#≈....# #.......≈##
##≈.....
#...?...≈≈####≈≈.....
#..ggS...≈≈≈≈≈≈......
#..gggg..............
#g@##..........##..
##g)#..........#..#
##................
##.....#........†
########...#.#........
#..)............######
#............##..#####
#............###...##.
#........)...# ###..#.


You could see Robin, an adder, 2 hobgoblins and 5 goblins.


Message History

The magic dart hits the hobgoblin.
The hobgoblin is moderately wounded.
Robin throws the goblin at you!
A goblin comes into view. It is wielding a +0 dagger.
The goblin hits you but does no damage.
A hobgoblin comes into view.
A goblin comes into view. It is wielding a +0 dagger.
Casting: Magic Dart (safe; 3% risk of failure)
Confirm with . or Enter, or press ? or * to list all spells.
The magic dart hits the goblin.
The goblin is moderately wounded.
The goblin shouts! x2; The hobgoblin shouts!
The goblin hits you but does no damage.
A goblin comes into view. It is wielding a +0 club. x2
Casting: Magic Dart (safe; 3% risk of failure)
Confirm with . or Enter, or press ? or * to list all spells.
The magic dart hits the goblin.
The goblin is heavily wounded.
The goblin hits you but does no damage.
A hobgoblin comes into view.
A goblin comes into view. It is wielding a +0 dagger.
Casting: Magic Dart (safe; 3% risk of failure)
Confirm with . or Enter, or press ? or * to list all spells.
The magic dart hits the goblin.
You kill the goblin!
Sif Muna accepts your kill.
The hobgoblin shouts!
Casting: Magic Dart (safe; 3% risk of failure)
Confirm with . or Enter, or press ? or * to list all spells.
The magic dart hits the hobgoblin.
You kill the hobgoblin!
Sif Muna accepts your kill.
An adder comes into view.
Robin throws the goblin at you!
Casting: Magic Dart (safe; 3% risk of failure)
Confirm with . or Enter, or press ? or * to list all spells.
The magic dart hits the goblin.
The goblin is moderately wounded.
The goblin barely misses you. The goblin hits you with a +0 dagger.
Robin throws the goblin at you! The goblin barely misses you.
Casting: Magic Dart (safe; 3% risk of failure)
Confirm with . or Enter, or press ? or * to list all spells.
The magic dart hits the goblin.
The goblin is moderately wounded.
Robin throws the goblin at you! The goblin hits you with a +0 club.
The goblin closely misses you. The goblin hits you with a +0 club.
The goblin closely misses you.
Unknown command.
You hit the goblin.
The goblin is heavily wounded.
The goblin hits you with a +0 club.
* * * LOW HITPOINT WARNING * * *
The goblin hits you with a +0 dagger.
* * * LOW HITPOINT WARNING * * *
The hobgoblin hits you but does no damage.
The goblin hits you with a +0 dagger.
* * * LOW HITPOINT WARNING * * *
The goblin barely misses you. The goblin misses you.
You closely miss the goblin.
The goblin is heavily wounded.
The goblin hits you but does no damage. The goblin hits you with a +0 dagger.
* * * LOW HITPOINT WARNING * * *
The hobgoblin barely misses you. The goblin hits you with a +0 dagger.
* * * LOW HITPOINT WARNING * * *
The goblin barely misses you. The goblin hits you but does no damage.
You hit the goblin.
You kill the goblin!
Sif Muna accepts your kill. The goblin hits you with a +0 dagger.
You die...

Action                     |  1- 3 |  4- 6 || total
---------------------------+-------+-------++-------
  Melee: Spear             |     5 |     3 ||     8
   Cast: Magic Dart        |    93 |    12 ||   105
 Armour: Robe              |     5 |       ||     5
         Ring mail         |     3 |    18 ||    21
  Dodge: Dodged            |     9 |     8 ||    17

Levels and vault maps discovered:
D:1:      dpeg_arrival_boxes_within_box, layout_loops_cross,
          hellmonk_ecumenical_altar_heavens_door, patterned_corridor
D:2:      layout_basic, serial_shops, nicolae_shop_statue_plus, basic_altar,
          palyth_stone_intersect, kennysheep_decorative_pillar,
          kennysheep_crisscross, minmay_domino_4, uniq_robin

Notes
Turn   | Place    | Note
-------+----------+-------------------------------------------
     0 | D:1      | wazuzu the Demonspawn Conjurer began the quest for the Orb.
     0 | D:1      | Reached XP level 1. HP: 13/13 MP: 3/3
   246 | D:1      | Reached skill level 2 in Dodging
   246 | D:1      | Reached skill level 2 in Stealth
   246 | D:1      | Gained mutation: Your movements are slightly less
                  | encumbered by armour. (ER -2) [demonic ancestry]
   246 | D:1      | Reached XP level 2. HP: 13/19 MP: 0/5
   357 | D:1      | Got the Precepts of Gathered Spelunking
   514 | D:1      | Found a faded altar of an unknown god.
   591 | D:1      | Prayed at the altar of an unknown god.
   591 | D:1      | Became a worshipper of Sif Muna the Loreminder
   591 | D:1      | Reached * piety under Sif Muna
   926 | D:1      | Reached XP level 3. HP: 24/24 MP: 1/6
  1512 | D:2      | Found a sparkling altar of Nemelex Xobeh.
  1646 | D:2      | Identified the +0 robe of the Terrible God {rElec rPois
                  | Regen+ MP-9}
  1878 | D:2      | Found Efowac's Jewellery Shop.
  2047 | D:2      | Reached XP level 4. HP: 30/30 MP: 8/8
  2234 | D:2      | Noticed Robin
  2239 | D:2      | Reached ** piety under Sif Muna
  2244 | D:2      | HP: 5/30 [goblin/+0 dagger[Robin] (3)]
  2245 | D:2      | Slain by a goblin

Vanquished Creatures
  An adder (D:2)
  A worm (D:2)
  3 dart slugs (D:1)
  5 ball pythons
  7 endoplasms
  A giant cockroach (D:2)
  5 hobgoblins
  4 jackals (D:2)
  2 quokkas (D:1)
  2 bats (D:1)
  3 frilled lizards
  7 goblins
  5 kobolds
  5 rats
51 creatures vanquished.
